 Dungeon Crawl Stone Soup version 0.28-a0-697-g47f3eba078 (webtiles) character file.

Game seed: 9662086164427642094

3678 Demosthentine the Nimble (level 10, 0/120 HPs)
             Began as a Merfolk Gladiator on Oct 23, 2021.
             Was a Priest of the Shining One.
             Slain by a gnoll sergeant (12 damage)
             ... on level 7 of the Dungeon.
             The game lasted 00:07:40 (7523 turns).

Demosthentine the Nimble (Merfolk Gladiator)        Turns: 7523, Time: 00:07:41

Health: 0/120      AC:  7    Str: 16 (17) XL:     10   Next: 13%
Magic:  10/10      EV: 18    Int:  8      God:    the Shining One [***...]
Gold:   1545       SH:  0    Dex: 16      Spells: 9/9 levels left

rFire   . . .      SeeInvis .   a - +1 trident (flame)
rCold   . . .      Faith    .   (no shield)
rNeg    + . .      Spirit   .   b - +1 leather armour
rPois   .          Reflect  .   (helmet restricted)
rElec   .          Harm     .   f - +0 cloak
rCorr   .          Rampage  .   (no gloves)
Will    .....                   e - +0 pair of boots
Stlth   ..........              j - amulet of regeneration
HPRegen 1.30/turn               (no ring)
MPRegen 0.12/turn               (no ring)

@: berserking, glowing, studying Dodging, very quick
A: (nimble swimmer 2), mertail, horns 1, deterioration 1, MP-powered wands
a: Renounce Religion, Divine Shield


You were on level 7 of the Dungeon.
You worshipped the Shining One.
The Shining One was most pleased with you.
You visited 2 branches of the dungeon, and saw 9 of its levels.
You also visited: Sewer.

You collected 1679 gold pieces.
You donated 134 gold pieces to Zin.

Inventory:

Hand Weapons
 a - a +1 trident of flaming (weapon)
Missiles
 d - 2 throwing nets (quivered)
Armour
 b - a +1 leather armour (worn)
 e - a +0 pair of boots (worn)
 f - a +0 cloak (worn)
 k - the +2 helmet of Cuyse {Int+3}
   (You found it on level 4 of the Dungeon)

   Int:       It affects your intelligence (+3).
Jewellery
 j - an amulet of regeneration (around neck)
 r - a ring of resist corrosion
Wands
 q - a wand of mindburst (17)
 x - a wand of iceblast (10)
 y - a wand of charming (6)
Scrolls
 c - 4 scrolls of fog
 m - 2 scrolls of identify
 p - 2 scrolls of enchant armour
 v - a scroll of brand weapon
 w - a scroll of fear
Potions
 g - a potion of cancellation
 h - 2 potions of attraction
 i - a potion of flight
 l - 4 potions of magic
 n - a potion of brilliance
 o - a potion of might
 s - 3 potions of haste
 t - a potion of curing


   Skills:
 + Level 8.1 Fighting
 + Level 11.1 Polearms
 - Level 2.0 Throwing
 + Level 5.2 Armour
 + Level 12.6 Dodging


You had 9 spell levels left.
You didn't know any spells.
Your spell library contained the following spells:

 Spells                   Type           Power      Damage    Failure   Level
 Freeze                   Ice            0%         1d3       45%         1
 Ensorcelled Hibernation  Hex/Ice        0%         N/A       61%         2
 Frozen Ramparts          Ice            0%         1d2       83%         3
 Spider Form              Tmut/Pois      0%         N/A       83%         3
 Hailstorm                Conj/Ice       0%         3d3       99%         4


Dungeon Overview and Level Annotations

Branches:
Dungeon (8/15)             Temple (1/1) D:6           Sewer (visited)
   Lair: D:8-11

Altars:
Cheibriados
Dithmenos
Elyvilon
Fedhas
Gozag
Hepliaklqana
Makhleb
Nemelex Xobeh
Ru
Sif Muna
Trog
Vehumet
Wu Jian
Xom
Yredelemnul
Zin
The Shining One


Innate Abilities, Weirdness & Mutations

((You are quick and stealthy near water. (Stealth+, EV+, Speed+++)))
Your lower body shifts to a powerful aquatic tail in water.
You have a pair of small horns on your head.
Your body sometimes deteriorates upon taking damage.
You expend magic power (3 MP) to strengthen your wands.


Message History

The water moccasin bites you.
The gnoll sergeant hits you with a +2 spear of freezing!
* * * LOW HITPOINT WARNING * * *
The gnoll sergeant freezes you.
* * * LOW HITPOINT WARNING * * *
The gnoll hits you from afar with a +1 spear of flaming.
* * * LOW HITPOINT WARNING * * *
The gnoll burns you.
* * * LOW HITPOINT WARNING * * *
The gnoll hits you but does no damage.
The water moccasin completely misses you.
The orc priest misses you. The gnoll closely misses you.
You climb upwards.
There is a stone staircase leading down here.
A red film seems to cover your vision as you go berserk!
You feel yourself moving faster!
You feel mighty! The gnoll sergeant closely misses you.
The water moccasin bites you.
* * * LOW HITPOINT WARNING * * *
The gnoll misses you.
The orc priest hits you with a +0 dagger.
* * * LOW HITPOINT WARNING * * *
You impale the orc priest!! You burn the orc priest.
You kill the orc priest!
The Shining One accepts your kill. The gnoll sergeant barely misses you.
The water moccasin closely misses you.
Unknown command.
You puncture the water moccasin! You burn the water moccasin.
The water moccasin is heavily wounded.
The gnoll closely misses you. The water moccasin closely misses you.
Unknown command.
You puncture the water moccasin! You burn the water moccasin.
You kill the water moccasin!
The gnoll sergeant barely misses you.
Unknown command.
You puncture the gnoll! You burn the gnoll.
You kill the gnoll!
You hit the gnoll sergeant but do no damage.
The gnoll sergeant is heavily wounded.
The gnoll sergeant hits you with a +2 spear of freezing!
You die...

#........ #.#######
################ #.#
.#.#.#.#.#.#.#.# #.#
#.#.#.#.#.#.#.## #.###
.#.#.#.#.#.#.#.# #.#.#
#.#.#.#(#.#.#.###########.#.#
.#.#.#.#.#.#.#.##g.(........#
#.#.#.#.#.#.#.#†@)........#.#
.#.#.#.#.#.#.#.#).####....#.#
#.#.#.#.#.#.#.##..# #.##.#.#
.#.#.#.#.#.#.#.#..####.##.#.#
#.#.#.#.#.#.#.##.....).##.#.#
.#.#.#.#.#.#.#.#.########.#.#
#.#.#.#.#.#.#.##.# #.#.#
.#.#.#.#.#.#.#.#.# #.#.#
#.#.#.#.#.#.#.##.# #.#.#


You could see a gnoll sergeant.

Vanquished Creatures
  A troll (D:7)
  A hornet (D:7)
  4 humans (D:7)
  An orc warrior (D:7)
  2 water moccasins
  An ice beast (D:7)
  A black bear (D:6)
  A hornet zombie (D:7)
  2 ogres
  A phantom (D:7)
  3 bullfrogs
  3 scorpions
  2 water moccasin zombies (D:5)
  A wyvern skeleton (D:5)
  A howler monkey (D:6)
  3 wights (D:4)
  4 bullfrog zombies
  3 centaur zombies
  3 hounds
  A bullfrog skeleton (D:6)
  5 orc priests
  3 jellies
  Jessica (D:2)
  3 orc wizards
  Terence (D:3)
  2 killer bee zombies
  A hound skeleton (D:4)
  Robin (D:3)
  5 gnolls
  A howler monkey zombie (D:7)
  A howler monkey skeleton (D:6)
  10 adders
  5 river rats (Sewer)
  2 shadow imps
  An adder zombie (D:5)
  3 worms
  A dart slug (D:1)
  13 orcs
  10 endoplasms
  9 giant cockroaches
  16 goblins
  15 hobgoblins
  5 jackals
  4 kobolds
  2 quokkas (D:4)
  18 ball pythons
  5 bats
  5 frilled lizards
  2 goblin skeletons (D:6)
  A goblin zombie (D:6)
  4 hobgoblin zombies (D:6)
  3 kobold skeletons (D:6)
  2 kobold zombies (D:6)
  2 orc skeletons (D:6)
  30 rats
  A spectral goblin (D:3)
232 creatures vanquished.

Vanquished Creatures (others)
  2 withered plants (D:5)
2 creatures vanquished.

Grand Total: 234 creatures vanquished

Notes
Turn   | Place    | Note
-------+----------+-------------------------------------------
     0 | D:1      | Demosthentine the Merfolk Gladiator began the quest for the
                  | Orb.
     0 | D:1      | Reached XP level 1. HP: 16/16 MP: 1/1
   108 | D:1      | Reached XP level 2. HP: 23/23 MP: 2/2
   502 | D:2      | Noticed Jessica
   508 | D:2      | Killed Jessica
   509 | D:2      | Reached skill level 5 in Polearms
   509 | D:2      | Reached XP level 3. HP: 26/28 MP: 3/3
   537 | D:2      | Found a glowing silver altar of Zin.
   626 | D:2      | Became a worshipper of Zin the Law-Giver
   768 | D:2      | Reached skill level 1 in Armour
  1012 | D:2      | You fall into a shaft and drop 2 floors!
  1023 | D:4      | Noticed a scorpion
  1063 | D:4      | Reached XP level 4. HP: 35/35 MP: 4/4
  1070 | D:4      | Reached skill level 5 in Dodging
  1070 | D:4      | Reached XP level 5. HP: 31/41 MP: 5/5
  1463 | D:4      | Identified the +2 helmet of Cuyse {Int+3}
  1634 | D:4      | Reached XP level 6. HP: 39/48 MP: 6/6
  1684 | D:3      | Found a burning altar of Makhleb.
  1937 | D:3      | Found a glowing drain.
  1958 | Sewer    | Entered a sewer
  2238 | Sewer    | Reached * piety under Zin
  2465 | Sewer    | Reached skill level 6 in Dodging
  2465 | Sewer    | Reached XP level 7. HP: 38/55 MP: 7/7
  2467 | Sewer    | Gained mutation: You expend magic power (3 MP) to
                  | strengthen your wands. [potion of mutation]
  2467 | Sewer    | Gained mutation: You have a pair of small horns on your
                  | head. [potion of mutation]
  2467 | Sewer    | Gained mutation: Your body sometimes deteriorates upon
                  | taking damage. [potion of mutation]
  2799 | D:3      | Identified the -4 helmet of Mihuep {SInv}
  2799 | D:3      | Noticed Robin
  2830 | D:3      | Killed Robin
  3288 | D:2      | Identified 2 scrolls of acquirement
  3288 | D:2      | Acquired 1278 gold pieces
  3289 | D:2      | Reached ** piety under Zin
  3289 | D:2      | Reached *** piety under Zin
  3290 | D:2      | Acquired a manual of Dodging
  3335 | D:3      | Noticed Terence
  3342 | D:3      | Killed Terence
  3391 | D:3      | Found a hazy altar of Hepliaklqana.
  3643 | D:3      | Reached **** piety under Zin
  4354 | D:4      | Reached skill level 5 in Fighting
  4354 | D:4      | Reached skill level 7 in Dodging
  4705 | D:4      | Found a bloodstained altar of Trog.
  4774 | D:5      | Entered Level 5 of the Dungeon
  4803 | D:5      | Reached XP level 8. HP: 57/62 MP: 8/8
  4882 | D:5      | Found a radiant altar of Vehumet.
  5033 | D:5      | Reached skill level 8 in Dodging
  5164 | D:5      | Found a sparkling altar of Nemelex Xobeh.
  5252 | D:5      | Reached ***** piety under Zin
  5464 | D:6      | Found an opulent altar of Gozag.
  5476 | D:6      | Reached skill level 9 in Dodging
  5538 | D:6      | Found a glowing golden altar of the Shining One.
  5553 | D:6      | Fell from the grace of Zin
  5553 | D:6      | Became a worshipper of the Shining One
  5553 | D:6      | Reached * piety under the Shining One
  5553 | D:6      | Reached ** piety under the Shining One
  5644 | D:6      | Reached XP level 9. HP: 70/71 MP: 9/9
  5658 | D:6      | Reached skill level 10 in Dodging
  5737 | D:6      | Found an ornate altar of the Wu Jian Council.
  5755 | D:6      | Found a staircase to the Ecumenical Temple.
  6188 | Temple   | Entered the Ecumenical Temple
  6498 | D:7      | Reached *** piety under the Shining One
  6538 | D:7      | Reached skill level 10 in Polearms
  6538 | D:7      | Reached skill level 11 in Dodging
  6634 | D:7      | Noticed a hornet
  6639 | D:7      | Killed a hornet
  7067 | D:7      | Noticed a troll
  7079 | D:7      | Killed a troll
  7080 | D:7      | Reached skill level 5 in Armour
  7080 | D:7      | Reached skill level 12 in Dodging
  7168 | D:7      | Reached XP level 10. HP: 80/80 MP: 10/10
  7451 | D:8      | Noticed a four-headed hydra
  7523 | D:7      | Slain by a gnoll sergeant

Illustrated notes

Levels and vault maps discovered:
D:1:      ncdulo_lavacross, layout_rooms
D:2:      minmay_door_path, layout_loops_cross, basic_altar, minmay_tall_x,
          uniq_jessica
D:3:      layout_basic, overflow_temple_1_default,
          nicolae_hepliaklqana_monster_ancestors, cheibrodos_sewer_entry_drain,
          kennysheep_generic_room_4, uniq_terence, uniq_robin
D:4:      layout_loops_ring, trog_hazing_becter
D:5:      layout_basic, mainiacjoe_overflow_chevrons, lemuel_doored_altar,
          serial_undead, serial_undead_d, serial_undead_c, serial_undead_d,
          serial_undead_d
D:6:      layout_loops_ring, grunt_gozag_statues, nicolae_wu_jian_wuxing_cycle,
          nicolae_tso_besieged_by_evil, minmay_temple_entry_offerings
D:7:      layout_basic, minmay_ruffians
D:8:      gammafunk_wand_slinger, layout_cave_pools, dpeg_oklobed_lair,
          chequers_serial_rivers_small_b
Temple:   compressed_dpeg_triangle_lava_temple

Skill      XL: |  1  2  3  4  5  6  7  8  9 10 |
---------------+-------------------------------+-----
Polearms       | 5 6 7 9 10 11 | 11.1
Armour         | 1 2 3 4 5 |  5.2
Fighting       | 3 4 5 6 7 8 |  8.1
Dodging        | 5 6 7 9 12 | 12.6
Throwing       | |  2.0

Action                   |  1- 3 |  4- 6 |  7- 9 | 10-12 || total
-------------------------+-------+-------+-------+-------++-------
Melee: Trident           |    54 |   215 |   444 |    34 ||   747
       Tailslap          |       |     7 |     2 |     3 ||    12
       Headbutt          |       |       |    69 |     4 ||    73
Throw: Throwing net      |       |     1 |     3 |       ||     4
  Use: Scroll            |     5 |       |    14 |       ||    19
       Potion            |       |     4 |     4 |     1 ||     9
 Stab: Sleeping          |     1 |       |     6 |       ||     7
Armor: Leather armour    |     7 |    58 |    66 |     7 ||   138
Dodge: Dodged            |    18 |   204 |   230 |    40 ||   492

Table legend: (Time is in decaauts)
 A = Elapsed time spent in this place.
 B = Non-inter-level travel time spent in this place.
 C = Inter-level travel time spent in this place.
 D = Time resting spent in this place.
 E = Time spent auto-exploring this place.
 F = Levels seen in this place.
 G = Mean time per level.
                   A        B        C        D        E       F      G
               +--------+--------+--------+--------+--------+-----+--------+
         Total |   7405 |   7262 |    143 |     29 |   5539 |  10 |  740.5 |
       Dungeon |   6373 |   6231 |    142 |     29 |   4724 |   8 |  796.6 |
        Temple |    277 |    277 |      0 |      0 |    257 |   1 |  277.0 |
         Sewer |    754 |    754 |      0 |      0 |    558 |   1 |  754.0 |
               +--------+--------+--------+--------+--------+-----+--------+

Top non-repeatable levels by time:
     D:4: 1403 daAuts
     D:3: 1074 daAuts
     D:2: 1018 daAuts
     D:7: 1002 daAuts
   Sewer: 754 daAuts
     D:6: 727 daAuts
     D:5: 672 daAuts
     D:1: 455 daAuts
  Temple: 277 daAuts
     D:8: 18 daAuts
